 Dungeon Crawl Stone Soup version 0.31-b1-22-gc680215f68 (webtiles) character file.

Game seed: 14802130599598192511

1216 Esekla the Covert (level 8, -3/54 HPs)
             Began as an Octopode Delver on Jan 18, 2024.
             Was an Initiate of Gozag.
             Slain by a hornet (9 damage)
             ... while paralysed by a hornet
             ... on level 7 of the Dungeon.
             The game lasted 00:39:53 (6220 turns).

Esekla the Covert (Octopode Delver)                 Turns: 6220, Time: 00:39:53

Health: -3/54      AC:  1    Str: 17    XL:     8   Next: 46%
Magic:  12/12      EV:  2    Int: 15    God:    Gozag
Gold:   530        SH:  0    Dex: 13    Spells: 9/12 levels left

rFire   . . .        a - +0 long sword
rCold   . . .        (no shield)
rNeg    . . .        (helmet restricted)
rPois   .            (no amulet)
rElec   .            l - +6 ring of strength
rCorr   .            (no ring)
SInv    .            (no ring)
Will    .....        (no ring)
Stlth   +++++        (no ring)
HPRegen 0.29/turn    (no ring)
MPRegen 0.13/turn    (no ring)
                     (no ring)

%: no passive effects
@: paralysed, lethally poisoned (-3 -> -8), slowed
A: almost no armour, amphibious, 8 rings, camouflage 1, gelatinous body 1,
(nimble swimmer 1), tentacles
a: Renounce Religion, Potion Petition, Call Merchant, Bribe Branch


You were on level 7 of the Dungeon.
You worshipped Gozag.
Gozag was pleased with you.
You visited 2 branches of the dungeon, and saw 8 of its levels.

You collected 1119 gold pieces.
You paid 589 gold pieces to Gozag.

Inventory:

Hand Weapons
 a - a +0 long sword (weapon)
 r - a +0 trident of protection
 s - a +0 dagger of venom
Missiles
 g - 6 poisoned darts
Jewellery
 l - a +6 ring of strength (left tentacle)
 n - an amulet of magic regeneration
Wands
 f - a wand of digging (3)
Scrolls
 b - a scroll of fog
 e - 5 scrolls of identify
 h - 2 scrolls of enchant armour {unknown}
 k - 2 scrolls of revelation
 o - a scroll of teleportation {unknown}
Potions
 c - 2 potions of mutation
 d - a potion of curing
 i - a potion of enlightenment
 j - a potion of haste
 m - a potion of brilliance {unknown}


   Skills:
 * Level 4.5 Fighting
 + Level 2.0(3.4) Short Blades
 * Level 4.3(4.6) Long Blades
 + Level 1.1 Throwing
 * Level 4.1 Dodging
 + Level 10.2 Stealth
 * Level 2.6 Spellcasting
 + Level 1.2 Conjurations
 * Level 0.9 Ice Magic
 + Level 1.4 Alchemy


You had 9 spell levels left.
You knew the following spells:

 Your Spells              Type           Power      Damage    Failure   Level
r - Frozen Ramparts       Ice            8%         1d2       38%         3

Your spell library contained the following spells:

 Spells                   Type           Power      Damage    Failure   Level
 Summon Small Mammal      Summ           4%         N/A       22%         1
 Call Canine Familiar     Summ           1%         N/A       54%         3
 Inner Flame              Hex/Fire       1%         N/A       54%         3
 Leda's Liquefaction      Alch/Erth      2%         N/A       83%         4
 Petrify                  Alch/Erth      4%         N/A       83%         4
 Summon Blazeheart Golem  Fire/Summ      1%         N/A       91%         4
 Irradiate                Conj/Alch      3%         3d12      97%         5
 Metabolic Englaciation   Hex/Ice        1%         N/A       99%         5
 Ignition                 Fire           0%         3d3       100%        8


Dungeon Overview and Level Annotations

Branches:
Dungeon (7/15)             Temple (1/1) D:5

Altars:
Ashenzari
Cheibriados
Dithmenos
Elyvilon
Fedhas
Gozag
Hepliaklqana
Kikubaaqudgha
Nemelex Xobeh
Okawaru
Qazlal
Ru
Sif Muna
Trog
Uskayaw
Vehumet
Wu Jian
Yredelemnul
Zin
The Shining One

Shops:
D:6 =

Annotations:
D:5 phantom
D:6 ice beast


Innate Abilities, Weirdness & Mutations

You cannot wear most types of armour.
You are amphibious.
You can wear up to eight rings at the same time.
Your skin changes colour to match your surroundings (Stealth+).
Your rubbery body absorbs attacks. (AC +1, EV +1)
((You are camouflaged when in or above water. (Stealth+)))
You have tentacles for arms and can constrict up to eight enemies at once.


Message History

The hornet buzzes angrily.
Throw: dart (curare)
Press: ? - help, Q - select action, (/) - cycle Shift-Dir - straight line, f - hornet
Aim: a hornet (39% to hit)
You throw a curare-tipped dart.
The curare-tipped dart closely misses the hornet.
Okay, then.
Okay, then.
Okay, then.
You closely miss the hornet. Your grab misses the hornet.
The hornet stings you.
You are poisoned.
You feel yourself slow down. The hornet closely misses you.
You feel better. The hornet stings you!
You feel as though you will be slow longer.
The hornet stings you!
You feel as though you will be slow longer.
The orc shouts!
You hit the hornet. You grab the hornet.
The hornet is lightly wounded.
You constrict the hornet. The hornet stings you.
You are poisoned.
You feel as though you will be slow longer.
The hornet stings you!
You feel as though you will be slow longer.
You feel better.
You constrict the hornet.
The hornet stings you but does no damage.
The hornet barely misses you. The hornet stings you.
You are poisoned.
You suddenly lose the ability to move!
You lose your grip on the hornet.
You feel very sick.
The orc throws a boomerang.
The boomerang hits you.
* * * LOW HITPOINT WARNING * * *
The hornet stings you.
* * * LOW HITPOINT WARNING * * *
You feel as though you will be slow longer.
* * * LOW HITPOINT WARNING * * *
You feel sick. The hornet stings you!
You die...
Your body crumbles into a pile of gold.

'≈~...##.............
#≈≈.#.####.####.....y
####≈~.#.##..(# #.......
~≈~≈~~....#..## ##......
.........##.######..#...
...#..#.....##...(......
...o$..............^....
........y...#...........
##....@..###...........
#........# ###....#.##.
.........## #......#.#
...##..### ###......###
.. ### ##.......# .
#.......## #.....###
#.#..## #...##


You could see a hornet and an orc.

Vanquished Creatures
  An ice beast (D:6)
  A phantom (D:6)
  A centaur (D:6)
  A kobold brigand (D:7)
  2 scorpions (D:4)
  2 jellies (D:6)
  2 bombardier beetles (D:4)
  A hound (D:4)
  5 orc priests
  5 iguanas
  4 orc wizards
  3 gnolls (D:4)
  4 adders
  2 shadow imps
  5 white imps
  An ufetubus (D:7)
  A dart slug (D:3)
  2 ribbon worms
  26 orcs
  4 bats
  4 endoplasms
  4 giant cockroaches
  7 goblins
  10 hobgoblins
  4 jackals (D:3)
  5 quokkas
  11 ball pythons
  4 frilled lizards
  11 kobolds
  2 rats (D:1)
135 creatures vanquished.

Notes
Turn   | Place    | Note
-------+----------+-------------------------------------------
     0 | D:5      | Esekla the Octopode Delver began the quest for the Orb.
     0 | D:5      | Reached XP level 1. HP: 16/16 MP: 1/1
    75 | D:5      | Found an iron altar of Okawaru.
   103 | D:5      | Reached XP level 2. HP: 14/21 MP: 2/2
   146 | D:5      | Noticed a phantom
   180 | D:5      | Found a staircase to the Ecumenical Temple.
   186 | Temple   | Entered the Ecumenical Temple
   203 | Temple   | Became a worshipper of Gozag Ym Sagoz the Greedy
   257 | D:5      | Reached skill level 7 in Stealth
   396 | D:4      | Noticed a scorpion
   443 | D:4      | Noticed a bombardier beetle
   471 | D:5      | Reached XP level 3. HP: 26/26 MP: 3/3
  1025 | D:3      | Reached XP level 4. HP: 25/31 MP: 4/4
  1247 | D:3      | Found a faded altar of an unknown god.
  1303 | D:3      | Reached skill level 1 in Spellcasting
  1303 | D:3      | Reached XP level 5. HP: 15/36 MP: 6/6
  1987 | D:2      | Found a glowing golden altar of the Shining One.
  2073 | D:2      | Reached skill level 8 in Stealth
  2618 | D:3      | Found a broken altar of Ashenzari.
  2642 | D:3      | Reached XP level 6. HP: 6/43 MP: 7/7
  3082 | D:4      | Reached skill level 9 in Stealth
  3296 | D:4      | Identified the staff "Beetleslayer" {rF+ Will+++ Dex-5
                  | Fire}
  3396 | D:4      | Reached XP level 7. HP: 40/48 MP: 9/9
  3682 | D:3      | HP: 2/48 [orc priest/divine providence (13)]
  4459 | D:5      | Reached skill level 1 in Short Blades
  4729 | D:6      | Reached skill level 1 in Throwing
  4733 | D:6      | Reached skill level 1 in Alchemy
  4742 | D:6      | Reached skill level 1 in Conjurations
  4742 | D:6      | Reached XP level 8. HP: 41/54 MP: 11/11
  4939 | D:6      | Reached skill level 10 in Stealth
  4985 | D:6      | Learned a level 3 spell: Frozen Ramparts
  6202 | D:7      | Noticed a hornet
  6218 | D:7      | Paralysed by a hornet for 3 turns
  6220 | D:7      | Slain by a hornet

Illustrated notes

Levels and vault maps discovered:
D:1:      dpeg_arrival_solitude, layout_rooms
D:2:      layout_basic, basic_altar, nicolae_houndstooth_variations
D:3:      layout_loops_corners, mainiacjoe_overflow_tiny_flanked,
          chequers_ecumenical_altar_simple, serial_co_window_serial,
          co_window_corner_a, co_window_cross_1, co_window_paths_b,
          co_window_paths_b, co_window_corner_a, co_window_paths_a,
          co_window_broadway_c, co_window_of_opportunity_b, co_window_corner_b,
          co_window_of_opportunity_b, co_window_cross_2, co_window_broadway_c,
          glass_columns_c, glass_columns_c, glass_columns_c, glass_columns_a,
          glass_columns_a
D:4:      layout_rooms, minmay_misc_feat_alley
D:5:      layout_basic, mainiacjoe_overflow_surrounded_room,
          minmay_temple_entry_arrows
D:6:      layout_loops_ring
D:7:      layout_cave_pools, grunt_temple_overflow_champion_of_chaos,
          enter_bailey_4
Temple:   hc_temple_tempest_star

Skill      XL: |  1  2  3  4  5  6  7  8 |
---------------+-------------------------+-----
Stealth        | 7 8 9 10 | 10.2
Long Blades    | 3 4 |  4.3
Spellcasting   | 1 2 |  2.6
Dodging        | 3 4 |  4.1
Fighting       | 4 |  4.5
Short Blades   | 1 2 |  2.0
Throwing       | 1 |  1.1
Alchemy        | 1 |  1.4
Conjurations   | 1 |  1.2
Ice Magic      | |  0.9

Action                     |  1- 3 |  4- 6 |  7- 9 || total
---------------------------+-------+-------+-------++-------
  Melee: Falchion          |    42 |    58 |    10 ||   110
         Constrict         |    13 |    33 |    26 ||    72
         Tentacles         |     7 |    26 |    34 ||    67
         Dagger            |     3 |    62 |    74 ||   139
         Punch             |     1 |       |     3 ||     4
         Long sword        |       |       |    21 ||    21
  Throw: Dart              |       |    13 |     2 ||    15
   Cast: Frozen Ramparts   |       |       |     3 ||     3
 Invoke: Call Merchant     |       |       |     1 ||     1
    Use: Scroll            |     2 |       |     4 ||     6
         Potion            |     1 |       |     4 ||     5
   Stab: Sleeping          |     4 |    21 |    12 ||    37
         Distracted        |     1 |     1 |     3 ||     5
         Fleeing           |     1 |       |       ||     1
 Armour: Skin              |    13 |    38 |    65 ||   116
  Dodge: Dodged            |    29 |    50 |    53 ||   132
